 Seeded DCSS version 0.28.0-62-gf88900778d (webtiles) character file.

Game seed: 798948680188819124 (custom seed)

22 kingofthe the Conjurer (level 2, 15/15 HPs)
             Began as a Deep Elf Conjurer on Mar 11, 2023.
             Quit the game on level 1 of the Dungeon.
             The game lasted 00:01:29 (909 turns).

kingofthe the Conjurer (Deep Elf Conjurer)           Turns: 909, Time: 00:01:30

Health: 15/15      AC:  2    Str:  4    XL:     2   Next: 68%
Magic:  8/8        EV: 12    Int: 22    God:
Gold:   33         SH:  0    Dex: 13    Spells: 6/7 levels left

rFire   . . .      SeeInvis .   (no weapon)
rCold   . . .      Faith    .   (no shield)
rNeg    . . .      Spirit   .   a - +0 robe
rPois   .          Reflect  .   (no helmet)
rElec   .          Harm     .   (no cloak)
rCorr   .          Rampage  .   (no gloves)
Will    .....                   (no boots)
Stlth   ++........              f - amulet of regeneration
HPRegen 0.85/turn               (no ring)
MPRegen 0.11/turn               (no ring)

@: no status effects
A: no striking features
a: no special abilities


You were on level 1 of the Dungeon.
You visited 1 branch of the dungeon, and saw 1 of its levels.

You collected 33 gold pieces.

Inventory:

Armour
 a - a +0 robe (worn)
Magical Staves
 d - a staff of cold
Jewellery
 f - an amulet of regeneration (around neck)
Scrolls
 b - a scroll of summoning {unknown}
 c - a scroll of holy word {unknown}
 e - a scroll of fear {unknown}
 g - a scroll of enchant weapon {unknown}


   Skills:
 + Level 2.5 Dodging
 + Level 2.5 Stealth
 + Level 3.2 Spellcasting
 + Level 5.1 Conjurations


You had 6 spell levels left.
You knew the following spells:

 Your Spells              Type           Power      Damage    Failure   Level
a - Magic Dart            Conj           100%       1d8       1%          1

Your spell library contained the following spells:

 Spells                   Type           Power      Damage    Failure   Level
 Searing Ray              Conj           52%        2d6       2%          2
 Dazzling Flash           Conj/Hex       28%        N/A       13%         3
 Fulminant Prism          Conj/Hex       7%         3d7       38%         4
 Iskenderun's Mystic Bla  Conj/Tloc      14%        2d5       38%         4


Dungeon Overview and Level Annotations

Branches:
Dungeon (1/15)

Altars:


Message History

A rat is nearby!
The magic dart hits the rat!
You kill the rat!
You can't see any susceptible monsters within range! (Use Z to cast anyway.)
You can't see any susceptible monsters within range! (Use Z to cast anyway.)
You see here a frilled lizard corpse.
Things that are here:
a +0 dagger; 2 stones You open the door.
Found a stone staircase leading down.
There is an open door here.
Found a ring mail.
A goblin comes into view. It is wielding a +0 dagger.
A goblin is nearby!
A goblin is nearby!
The magic dart hits the goblin.
You kill the goblin!
You can't see any susceptible monsters within range! (Use Z to cast anyway.)
You can't see any susceptible monsters within range! (Use Z to cast anyway.)
You open the door.
There is an open door here.
There is an open door here.
There is an open door here.
There is an open door here.
You open the door.
There is an open door here.
There is an open gate, spattered with blood here.
You enter the shallow water.
Moving in this stuff is going to be slow.
You enter the shallow water.
Moving in this stuff is going to be slow.
Partly explored, can't reach some places.
Partly explored, can't reach some places.
Partly explored, can't reach some places.
Partly explored, can't reach some places.
Save game and exit?
Welcome back, kingofthe the Deep Elf Conjurer.
Game seed: 798948680188819124 (custom seed) Press ? for a list of commands and other information.
Are you sure you want to abandon this character and quit the game? (Confirm with "yes".)

#≈≈≈≈....P#
#≈≈≈.....♣######
#≈≈≈......♣P.P.♣
#≈≈≈≈..........♣♣♣♣
#≈≈≈....P.♣.....♣<♣
#≈≈≈≈............P♣
#≈≈≈≈≈............♣
#≈≈≈≈≈≈...........♣
#≈≈≈≈≈≈≈≈≈..≈≈@.♣♣♣
#≈≈≈≈≈≈≈≈≈≈≈≈≈≈≈≈≈≈♣
#≈≈≈≈≈≈≈≈≈≈≈≈≈≈≈≈≈≈♣
#≈≈≈≈≈≈≈≈≈≈≈≈≈≈≈≈≈≈≈≈≈
######################


There were no monsters in sight!

Vanquished Creatures
  A dart slug (D:1)
  2 endoplasms (D:1)
  2 giant cockroaches (D:1)
  4 goblins (D:1)
  2 hobgoblins (D:1)
  2 quokkas (D:1)
  2 frilled lizards (D:1)
  A kobold (D:1)
  3 rats (D:1)
19 creatures vanquished.

Notes
Turn   | Place    | Note
-------+----------+-------------------------------------------
     0 | D:1      | kingofthe the Deep Elf Conjurer began the quest for the
                  | Orb.
     0 | D:1      | Reached XP level 1. HP: 10/10 MP: 6/6
   229 | D:1      | Reached XP level 2. HP: 15/15 MP: 5/8
   366 | D:1      | Reached skill level 5 in Conjurations
   909 | D:1      | Quit the game

Illustrated notes

Levels and vault maps discovered:
D:1:      kennysheep_arrival_seaside, layout_basic

Skill      XL: |  1  2 |
---------------+-------+-----
Conjurations   | 5 |  5.1
Dodging        | |  2.5
Stealth        | |  2.5
Spellcasting   | |  3.2

Action                   || total
-------------------------++-------
 Cast: Magic Dart        ||    33
Dodge: Dodged            ||     1
